AoeStats
← certaingoosetragedy

Black Forest

506293187Analyzed
1v1 RM · 21d ago on Sep 13, 2026· 30m 7s· 2 players
Game mode
Random Map
Map size
Tiny (2 player)
Population
200
Speed
Normal
Resources
Standard
Victory
Conquest
Starting age
Dark Age
Ending age
Imperial Age
RankedLock teamsTeams togetherTeam positionsShared explorationLock speedFull tech treeHidden civsTurbo modeCheats
Victory
Defeat
🇺🇸 Spanish · United States
901
+16
🇺🇸 Franks · United States
909
-45
VillagerLivesMatter
0:34 Loom
15:10 Feudal Age
20:10 Castle Age
18:50 Gold Mining
18:53 Fletching
18:55 Horse Collar
19:04 Double-Bit Axe
21:32 Heavy Plow
22:30 Bodkin Arrow
25:17 Padded Archer Armor
certaingoosetragedy
14:15 Feudal Age
18:27 Wheelbarrow
21:32 Castle Age
22:01 Double-Bit Axe
Connection lost

Rejoining the realm…

Still unreachable

The connection could not be restored.

Session expired

The server has moved on; the page needs a fresh start.